 Dungeon Crawl Stone Soup version 0.19.1-1-g22dce08 (webtiles) character file.

317 Macro the Sneak (level 6, -8/38 HPs)
             Began as a Halfling Enchanter on Jan 17, 2017.
             Killed from afar by ogge1122's ghost (24 damage)
             ... with a bolt of negative energy
             ... on level 5 of the Dungeon.
             The game lasted 00:24:02 (3858 turns).

Macro the Sneak (Halfling Enchanter)                Turns: 3858, Time: 00:24:02

Health: -8/38      AC:  4    Str:  9    XL:     6   Next: 73%
Magic:  9/9        EV: 14    Int: 14    God:
Gold:   238        SH:  0    Dex: 16    Spells: 3 memorised, 4 levels left

rFire  . . .     SeeInvis .     C - +4 short sword
rCold  . . .     Gourm    .     x - +0 robe (curse)
rNeg   . . .     Faith    .     (shield restricted)
rPois  .         Spirit   .     (no helmet)
rElec  .         Reflect  .     u - +0 cloak
rCorr  .         Harm     .     (no gloves)
MR     .....                    t - +0 pair of boots
Stlth  +++.......               o - amulet of magic regeneration
                                (no ring)
                                (no ring)

@: heavily drained
A: mutation resistance 1
a: no special abilities


You were on level 5 of the Dungeon.
You were very hungry.

You visited 2 branches of the dungeon, and saw 6 of its levels.

You collected 238 gold pieces.

Inventory:

Hand Weapons
 a - a +2 dagger
 C - a +4 short sword (weapon)
 E - a +1 short sword of speed
Armour
 b - a +1 robe
 t - a +0 pair of boots (worn)
 u - a +0 cloak (worn)
 x - a cursed +0 robe (worn)
 D - a +0 leather armour
Magical Staves
 F - an uncursed staff of cold {unknown}
Jewellery
 o - an amulet of magic regeneration (around neck)
 v - an uncursed ring of magical power {unknown}
Wands
 B - a wand of lightning (7/15)
Scrolls
 e - a scroll of enchant weapon
 f - 3 scrolls of identify
 h - a scroll of random uselessness
 j - 3 scrolls of immolation
 k - 2 scrolls of remove curse {unknown}
 l - a scroll of blinking
 y - a scroll of magic mapping
 G - a scroll of fear {unknown}
 I - a scroll of teleportation {unknown}
 J - a scroll of enchant armour {unknown}
Potions
 g - a potion of agility
 i - a potion of berserk rage {unknown}
 m - 2 potions of brilliance {unknown}
 n - a potion of cure mutation {unknown}
 q - a potion of heal wounds
 s - a potion of invisibility {unknown}
 w - a potion of cancellation {unknown}
 A - a potion of magic {unknown}
 H - a potion of resistance {unknown}
Books
 c - a book of Maledictions

   Spells                             Type                      Level
   a - Corona                         Hexes                        1
   b - Ensorcelled Hibernation        Hexes/Ice                    2
   c - Confuse                        Hexes                        3
   d - Tukima's Dance                 Hexes                        3
   e - Dazzling Spray                 Conjuration/Hexes            3
Comestibles
 d - 4 bread rations
 p - 2 fruits
 r - a royal jelly
 z - a beef jerky


   Skills:
 + Level 1.0(0.0) Fighting
 + Level 3.1(2.0) Short Blades
 + Level 2.9(1.7) Dodging
 + Level 4.8(3.6) Stealth
 + Level 2.5(1.4) Spellcasting
 + Level 3.5(2.4) Hexes
 + Level 1.1(0.0) Ice Magic


You had 4 spell levels left.
You knew the following spells:

 Your Spells              Type           Power        Failure   Level  Hunger
a - Corona                Hex            #......      12%         1    ##.....
b - Ensorcelled Hibernat  Hex/Ice        #.....       24%         2    ###....
c - Tukima's Dance        Hex            #.......     30%         3    ####...


Dungeon Overview and Level Annotations

Branches:
Dungeon (5/15)             Temple (1/1) D:4

Altars:
Ashenzari
Cheibriados
Gozag
Hepliaklqana
Kikubaaqudgha
Nemelex Xobeh
Okawaru
Qazlal
Ru
Trog
Uskayaw
Vehumet
Xom
Yredelemnul
Zin
The Shining One

Shops:
D:3 *

Annotations:
D:5 ogge1122's ghost, novice DrBe


Innate Abilities, Weirdness & Mutations

You are small and have problems with some larger weapons.
You are somewhat resistant to further mutation.


Message History

You can't see any susceptible monsters within range! (Use Z to cast anyway.) Unknown command.
Casting: Tukima's Dance
Confirm with . or Enter, or press ? or * to list all spells.
Aiming: Corona
Press: ? - help, Shift-Dir - straight line, f - ogge1122's ghost
Aim: ogge1122's ghost (chance to defeat MR: 25%) Ogge1122's ghost is outlined in light.
Ogge1122's ghost says very slowly, "There's no hope."
A ball python comes into view.
Ogge1122's ghost breathes negative energy at you.
The bolt of negative energy hits you!
You feel drained.
Ouch! That really hurt!
Ogge1122's ghost breathes negative energy at you.
The bolt of negative energy misses you.
You are feeling very hungry.
Ogge1122's ghost breathes negative energy at you.
The bolt of negative energy hits you!
You feel drained.
Ouch! That really hurt!
You die...

#.# ##.. ...# #..##
.# #..# #.#
###.####### #.#
#.#.......## #.# .#
#..######..###$##.#
##.<@..W##......#.#
######.........#.##
#######......##
##.%.....#
#........#
#..>......
####!.S...##.
.............
..........###


You could see ogge1122's ghost.

Vanquished Creatures
  A scorpion (D:4)
  A howler monkey (D:4)
  An iguana (D:4)
  4 worker ants
  5 adders
  3 worms
  3 leopard geckos
  6 orcs
  A giant cockroach (D:1)
  6 goblins
  4 hobgoblins
  4 quokkas
  3 bats
  3 frilled lizards
  A kobold (D:3)
  A quokka skeleton (D:4)
  5 rats
52 creatures vanquished.

Vanquished Creatures (collateral kills)
  A kobold (D:3)
1 creature vanquished.

Vanquished Creatures (others)
  A dancing weapon (D:3)
1 creature vanquished.

Grand Total: 54 creatures vanquished

Notes
Turn   | Place    | Note
-------+----------+-------------------------------------------
     0 | D:1      | Macro the Halfling Enchanter began the quest for the Orb.
     0 | D:1      | Reached XP level 1. HP: 11/11 MP: 3/3
   562 | D:1      | Reached XP level 2. HP: 17/17 MP: 4/4
   566 | D:1      | Learned a level 2 spell: Ensorcelled Hibernation
   741 | D:2      | Found an ancient bone altar of Kikubaaqudgha.
   943 | D:2      | Reached XP level 3. HP: 21/21 MP: 5/5
  1322 | D:2      | Reached skill level 4 in Stealth
  1516 | D:2      | Reached XP level 4. HP: 27/27 MP: 1/6
  1712 | D:2      | Learned a level 3 spell: Tukima's Dance
  1757 | D:3      | Found a hide-covered altar of Uskayaw.
  2078 | D:3      | Found a basalt altar of Yredelemnul.
  2083 | D:3      | Noticed a profane servitor
  2150 | D:3      | Found Zin's Purification Station.
  2155 | D:3      | Found a glowing silver altar of Zin.
  2269 | D:3      | Found a glowing golden altar of the Shining One.
  2271 | D:3      | Noticed an angel
  2810 | D:4      | Reached XP level 5. HP: 29/31 MP: 6/8
  2899 | D:4      | Reached skill level 1 in Ice Magic
  2899 | D:4      | Reached XP level 6. HP: 13/37 MP: 5/9
  3137 | D:4      | Reached skill level 1 in Fighting
  3199 | D:4      | Found a staircase to the Ecumenical Temple.
  3214 | Temple   | Entered the Ecumenical Temple
  3659 | D:4      | Found a shattered altar of Ashenzari.
  3748 | D:4      | Found a hazy altar of Hepliaklqana.
  3812 | D:5      | Entered Level 5 of the Dungeon
  3840 | D:5      | Noticed ogge1122's ghost (novice DrBe)
  3858 | D:5      | Killed from afar by ogge1122's ghost

Skill      XL: |  1  2  3  4  5  6 |
---------------+-------------------+-----
Stealth        | 4 |  4.8
Spellcasting   | 2 |  2.5
Short Blades   | 2 3 |  3.1
Hexes          | 3 |  3.5
Ice Magic      | 1 |  1.1
Fighting       | 1 |  1.0
Dodging        | |  2.9

Action                   |  1- 3 |  4- 6 || total
-------------------------+-------+-------++-------
Melee: Dagger            |    41 |    26 ||    67
       Short sword       |       |    68 ||    68
 Cast: Corona            |     3 |     4 ||     7
       Ensorcelled Hiber |    10 |    24 ||    34
       Tukima's Dance    |       |     5 ||     5
  Use: Scroll            |     6 |       ||     6
       Potion            |     3 |     1 ||     4
 Stab: Sleeping          |    12 |    19 ||    31
  Eat: Chunk             |     2 |     7 ||     9
       Beef jerky        |       |     2 ||     2
Armor: Robe              |     4 |     5 ||     9
Dodge: Dodged            |    22 |    54 ||    76
